 Dungeon Crawl Stone Soup version 0.30-b1-2-g02819fbbbe (webtiles) character file.

Game seed: 5700368168458316973

78 loralnil the Ruffian (level 4, -2/36 HPs)
             Began as a Draconian Transmuter on Jan 8, 2024.
             Killed from afar by an orc wizard (9 damage)
             ... with a magic dart
             ... on level 3 of the Dungeon.
             The game lasted 00:02:52 (1699 turns).

loralnil the Ruffian (Draconian Transmuter)         Turns: 1699, Time: 00:02:53

Health: -2/36      AC:  5    Str: 14    XL:     4   Next: 15%
Magic:  16/16      EV: 12    Int: 18    God:
Gold:   135        SH:  0    Dex: 12    Spells: 7/8 levels left

rFire   . .          .
                       - Unarmed
rCold   . . .        (no shield)
rNeg    . . .        (body armour unavailable)
rPois   .            (helmet currently unavailable)
rElec   .            (no cloak)
rCorr   .            (no gloves)
SInv    .            (boots currently unavailable)
Will    .....        e - amulet "Okhon" {Acrobat Int+5}
Stlth   +            f - ring of magical power
HPRegen 0.26/turn    (no ring)
MPRegen 0.15/turn

%: acrobat
@: appendages
A: horns 2, talons 2, AC +5, unfitting armour, cold-blooded
a: End Transformation


You were on level 3 of the Dungeon.
You had temporarily grown beastly horns and talons.
You visited 1 branch of the dungeon, and saw 3 of its levels.

You collected 135 gold pieces.

Inventory:

Jewellery
 e - the amulet "Okhon" (around neck) {Acrobat Int+5}
   (You acquired it on level 2 of the Dungeon)

   [amulet of the acrobat]

   It increases your evasion while moving and waiting.
   Int:       It affects your intelligence (+5).
 f - a ring of magical power (left hand)
Scrolls
 c - a scroll of identify
 d - 3 scrolls of blinking
Potions
 a - 2 potions of lignification
 b - 2 potions of flight
 g - a potion of curing
 h - 2 potions of mutation {unknown}


   Skills:
 + Level 2.2 Fighting
 + Level 2.3 Dodging
 + Level 3.4 Unarmed Combat
 + Level 2.5 Spellcasting
 + Level 2.6 Transmutations


You had 7 spell levels left.
You knew the following spells:

 Your Spells              Type           Power      Damage    Failure   Level
a - Beastly Appendage     Tmut           22%        N/A       6%          1

Your spell library contained the following spells:

 Spells                   Type           Power      Damage    Failure   Level
 Wereblood                Tmut           11%        N/A       9%          2
 Spider Form              Tmut/Pois      6%         N/A       30%         3
 Ice Form                 Ice/Tmut       6%         N/A       69%         4


Dungeon Overview and Level Annotations

Branches:
Dungeon (3/15)

Altars:


Innate Abilities, Weirdness & Mutations

You have temporarily grown beastly horns and talons.
Your plain brown scales are hard. (AC +5)
You cannot fit into any form of body armour.
You are cold-blooded and may be slowed by cold attacks.


Message History

The puff of flame hits you. Something closely misses you.
Things that are here:
a +0 hand axe; a +0 falchion; a +0 ring mail You miss something.
Something hits you.
You miss something. You tail-slap something.
Something hits you but does no damage.
You barely miss something. Something hits you but does no damage.
You miss something. Something hits you.
You closely miss something. Something hits you.
Casting: Beastly Appendage (safe; 6% risk of failure)
Confirm with . or Enter, or press ? or * to list all spells.
You grow a pair of large bovine horns.
Your feet morph into talons.
You hear some strange, mumbled words.
A magic dart appears from out of thin air!
The magic dart hits you!
You miss something. Your kick misses something.
Something hits you but does no damage.
You hit something. Your kick misses something. Your headbutt misses something.
Something barely misses you.
You completely miss something. Your kick misses something. You punch something.
Something hits you.
You miss something. Your kick misses something. Something hits you.
You hit something. Your kick misses something. You barely miss something.
Your headbutt misses something. Something hits you but does no damage.
You barely miss something. Your kick misses something.
Your tail-slap misses something.
You hear some strange, mumbled words.
A magic dart appears from out of thin air!
The magic dart hits you.
* * * LOW HITPOINT WARNING * * *
You hit something but do no damage. Your kick misses something.
Your tail-slap misses something.
Something hits you.
* * * LOW HITPOINT WARNING * * *
You closely miss something.
You hear some strange, mumbled words.
A magic dart appears from out of thin air!
The magic dart hits you!
You die...

######...###.##.#
≈≈≈#<$.........
§........#######
§≈≈≈#####†..##
#### #..#.#
#.#[.# #..
##...#...#.
#..†.......
#@#.#....##
#.{......#.#
#.......#..#
..##.#.#...# ##.
...###### #. .#..
#. . #.# #. ..


There were no monsters in sight!

Vanquished Creatures
  2 adders (D:2)
  A gnoll (D:1)
  2 dart slugs
  2 orcs (D:3)
  3 ball pythons (D:1)
  3 endoplasms
  5 giant cockroaches
  3 goblins
  6 hobgoblins
  3 quokkas
  A bat (D:2)
  3 frilled lizards
  4 kobolds
  6 rats
44 creatures vanquished.

Notes
Turn   | Place    | Note
-------+----------+-------------------------------------------
     0 | D:1      | loralnil the Draconian Transmuter began the quest for the
                  | Orb.
     0 | D:1      | Reached XP level 1. HP: 16/16 MP: 3/3
   183 | D:1      | Reached XP level 2. HP: 23/23 MP: 3/5
   274 | D:1      | Found Poddewofo's Assorted Antiques.
   367 | D:1      | Reached XP level 3. HP: 29/29 MP: 4/6
   905 | D:1      | Found a faded altar of an unknown god.
  1259 | D:2      | Identified a scroll of acquirement
  1260 | D:2      | Acquired the amulet "Okhon" {Acrobat Int+5}
  1554 | D:2      | Reached XP level 4. HP: 28/36 MP: 7/7
  1699 | D:3      | Killed from afar by an orc wizard

Illustrated notes

Levels and vault maps discovered:
D:1:      dpeg_arrival_court, layout_loops_ring, serial_shops,
          nicolae_shop_back_alley_shop, hellmonk_ecumenical_altar_arch_garden
D:2:      layout_rooms
D:3:      layout_loops_ring, chequers_serial_rivers_large_b,
          hangedman_decor_diamond_cutter, amcnicky_mini_rare_corridor_liquid,
          corexii_shack, minmay_close_crescents

Skill      XL: |  1  2  3 |
---------------+----------+-----
Dodging        | 2 |  2.3
Fighting       | 2 |  2.2
Unarmed Combat | |  3.4
Spellcasting   | |  2.5
Transmutations | |  2.6

Action                     |  1- 3 |  4- 6 || total
---------------------------+-------+-------++-------
  Melee: Unarmed           |   105 |    26 ||   131
         Headbutt          |    15 |     3 ||    18
         Kick              |    21 |     2 ||    23
         Tailslap          |    10 |     2 ||    12
         Punch             |       |     1 ||     1
   Cast: Beastly Appendage |    26 |     3 ||    29
    Use: Scroll            |     4 |       ||     4
   Stab: Sleeping          |     1 |       ||     1
 Armour: Skin              |    29 |     5 ||    34
  Dodge: Dodged            |    69 |    10 ||    79
